[Event "*** SCC Grand Prix: Titled Tuesday Blitz"]
[Site "Chess.com"]
[Date "2020.06.02"]
[Round "3"]
[White "Love_craft"]
[Black "I_Hit_18K_on_BS"]
[Result "1-0"]
[WhiteElo "2461"]
[BlackElo "2103"]
[TimeControl "180+1"]
[EndTime "10:29:51 PDT"]
[Termination "Love_craft won by resignation"]

1. Nf3 c5 2. e4 d6 3. d3 g6 4.
g3 Bg7 5. Bg2 Nc6 6. O-O e6 7.
Nc3 Nge7 8. Be3 O-O 9. Qd2 b6 10.
Bh6 Bb7 11. Bxg7 Kxg7 12. d4 d5 13. e5 cxd4 14. Ne2 Qc7 15. Rfe1 Nxe5 16. Nxe5 Qxe5 17. Nxd4 Qf6 18. f4 Nc6 19. Nxc6 Bxc6 20. c3 Rad8 21. Re5 Qe7 22. Rae1 Qc5+ 23. Kh1 d4 24. Rxc5 Bxg2+ 25. Qxg2 bxc5 26. Qe2 Rd5 27. c4 Rh5 28. g4 Rh4 29.
Qe5+ Kg8 30. Qe2 Rd8 31. Kg2 d3 32. Qf3 d2 33. Rd1 f5 34. h3 fxg4 35. hxg4 h5 36.
gxh5 gxh5 37. Kf2 Rg4 38. f5 Rdd4 39. Qa8+ Kg7 40. Qxa7+ Kf6 41. Qb7 Rgf4+ 42. Ke3 Rfe4+ 43. Qxe4 Rxe4+ 44. Kxe4 exf5+ 45. Kf4 h4 46. Rxd2 h3 47. Rh2 Ke6 48. Rxh3 Kf6 49. Rh6+ Kg7 50. Rc6 Kf7 51. Kxf5 Ke7 52. Rxc5 Kd7 53. Rd5+ Kc6 54. Ke5 Kb6 55.
Kd4 Ka6 56. Kc5 Kb7 57. Rd7+ Ka6 58. Rh7 1-0

[Event "*** SCC Grand Prix: Titled Tuesday Blitz"]
[Site "Chess.com"]
[Date "2020.06.02"]
[Round "3"]
[White "jonaszmb"]
[Black "Misticpikachu"]
[Result "1-0"]
[WhiteElo "2414"]
[BlackElo "2247"]
[TimeControl "180+1"]
[EndTime "10:29:53 PDT"]
[Termination "jonaszmb won by checkmate"]

1. d4 d5 2. c4 e6 3. Nf3 Nf6 4. g3 Be7 5. Bg2 O-O 6. O-O dxc4 7. Nc3 c5 8. dxc5 Bxc5 9. Ne5 Nc6 10. Nxc4 Bd7 11. Bg5 Be7 12. a3 a6 13. Qd2 Qc7 14. Rad1 Rfd8 15. Qc1 b5 16. Nd2 Rac8 17. Nb3 Na5 18.
Nxa5 Qxa5 19. Bd2 Qb6 20. Be3 Bc5 21. Bxc5 Qxc5 22. Qd2 Qc7 23. Qd6 Qa7 24. Qe7 h6 25.
Rd2 Re8 26. Qb4 Bc6 27. e4 Qb7 28. Rfd1 Qc7 29. Qd6 Qxd6 30. Rxd6 Kf8 31. e5 Bxg2 32. Kxg2 Ng4 33. Re1 Ra8 34. h3 b4 35. axb4 Reb8 36.
hxg4 Rxb4 37. Ra1 Rxb2 38. Raxa6 Rxa6 39. Rxa6 Rc2 40. Ne4 g5 41. Nf6 Rc8 42. Ra7 Kg7 43.
f3 Kg6 44. f4 Rc2+ 45. Kh3 gxf4 46. gxf4 Rc3+ 47. Kh4 Rc8 48. Rd7 Kg7 49. Ne4 Rc4 50. Rxf7+ Kg6 51. Rf6+ Kg7 52. Nd6 Rc1 53. Rxe6 h5 54.
Kxh5 Rh1+ 55. Kg5 Kh8 56. Re8+ Kh7 57. f5 Kg7 58. Re7+ Kh8 59. f6 Rh2 60. Kg6 Rh7 61. Re8# 1-0

[Event "*** SCC Grand Prix: Titled Tuesday Blitz"]
[Site "Chess.com"]
[Date "2020.06.02"]
[Round "3"]
[White "Sethu0025"]
[Black "gross-aleks"]
[Result "0-1"]
[WhiteElo "2787"]
[BlackElo "2559"]
[TimeControl "180+1"]
[EndTime "10:29:54 PDT"]
[Termination "gross-aleks won by resignation"]

1. d4 Nf6 2. c4 e6 3. Nf3 b6 4. a3 Bb7 5. Nc3 d5 6. cxd5 exd5 7.
Qc2 a6 8. Bg5 Nbd7 9. e3 Bd6 10.
Bd3 Qe7 11. h3 h6 12. Bxf6 Nxf6 13. O-O O-O 14. Rfe1 Ne4 15. Bxe4 dxe4 16. Nd2 f5 17. Nc4 Rae8 18. Rac1 f4 19. Nxd6 Qxd6 20. exf4 Qxd4 21.
Ne2 Qf6 22. Qxc7 Rf7 23. Qc3 e3 24. Qxf6 Rxf6 25. fxe3 Rg6 26. g4 Rxe3 27. Rc3 Rge6 28. Kf2 R3e4 29. Rc7 Bd5 30. Rc2 b5 31. f5 Re8 32.
Rec1 Re3 33. Rc8 Rxe2+ 34. Kg3 Bc4 35. Rxe8+ Rxe8 36. Rc3 Rc8 37. Kf4 Kf8 38. Ke5 Rd8 39.
Ke4 a5 40. b3 Bd5+ 41. Ke5 Bf7 42. Rc5 Bxb3 43. Rxb5 a4 44. h4 Re8+ 45. Kf4 Re1 46.
g5 hxg5+ 47. hxg5 Rf1+ 48. Ke5 Re1+ 49. Kf4 Ra1 50. Rb8+ Kf7 51. Rb7+ Kf8 52. Rb8+ Ke7 53. Rb7+ Kd6 54. Rxg7 Rxa3 55. Rg6+ Kc5 56. Ra6 Ra1 57. g6 Rg1 58. Ke5 Kb5 59. Ra8 Kb4 60. Rb8+ Kc3 61. Rb7 a3 62. Ra7 a2 63. g7 a1=Q 64. Rxa1 Rxa1 65.
f6 Ra8 0-1

[Event "*** SCC Grand Prix: Titled Tuesday Blitz"]
[Site "Chess.com"]
[Date "2020.06.02"]
[Round "3"]
[White "ChainsOfFantasia"]
[Black "AlexSuv"]
[Result "1/2-1/2"]
[WhiteElo "2491"]
[BlackElo "2614"]
[TimeControl "180+1"]
[EndTime "10:29:54 PDT"]
[Termination "Game drawn by repetition"]

1. c4 e5 2. g3 Nc6 3. Bg2 Bc5 4. Nc3 d6 5. e3 a6 6. Nge2 Ba7 7. d4 Nf6 8. O-O O-O 9. b3 Bg4 10. h3 Bh5 11. g4 Bg6 12. Bb2 Re8 13. d5 Ne7 14.
Ng3 Nd7 15. Kh2 f5 16. gxf5 Nxf5 17. Nxf5 Bxf5 18. Be4 Qf6 19. Bxf5 Qxf5 20. Qg4 Rf8 21. Ne4 Nc5 22. Nxc5 Bxc5 23. Rae1 Qc2 24. Re2 Qf5 25. Rg1 g6 26. Qxf5 Rxf5 27. Kg2 Raf8 28. a3 a5 29. Rb1 Rg5+ 30. Kh2 Rf3 31. Rg1 Rxg1 32. Kxg1 Rxh3 33. Bc3 Bb6 34. b4 axb4 35. axb4 Rh4 36. e4 Rh3 37. Bd2 Rb3 38. Kg2 h5 39. Be1 Bd4 40. Ra2 Rb1 41. Bd2 Rb2 42. Rxb2 Bxb2 43. b5 Bd4 44. Ba5 Bb6 45. Bd2 Kf7 46. f3 Kf6 47. Kg3 g5 48.
Bc1 Ba5 49. Kh3 Be1 50. Be3 Ba5 51. Bc1 Bb6 52. Bd2 Bc5 53. Bc1 Kg6 54. Bd2 Bd4 55.
Ba5 Bb6 56. Bd2 Kh6 57. Bc1 Kg6 58. Bd2 Bc5 59. Bc1 Bb6 60. Bd2 1/2-1/2

[Event "*** SCC Grand Prix: Titled Tuesday Blitz"]
[Site "Chess.com"]
[Date "2020.06.02"]
[Round "3"]
[White "DonPreuss"]
[Black "AlexOstrovskiy"]
[Result "1/2-1/2"]
[WhiteElo "2231"]
[BlackElo "2532"]
[TimeControl "180+1"]
[EndTime "10:29:54 PDT"]
[Termination "Game drawn - insufficient material"]

1. d4 e6 2. e4 d5 3. Nc3 Nc6 4. Be3 Bb4 5. e5 Nge7 6. f4 Nf5 7. Qd2 Nxe3 8. Qxe3 Ne7 9. Bd3 c5 10. Nf3 Qa5 11. O-O cxd4 12. Nxd4 Nc6 13. Nce2 g6 14. c3 Be7 15. b4 Qd8 16. Kh1 a6 17. a4 Bd7 18. Nxc6 bxc6 19. Nd4 c5 20. bxc5 Bxc5 21. f5 gxf5 22. Qh6 Bf8 23. Qh5 Bg7 24. Rae1 Qe7 25.
a5 Rc8 26. Bxf5 Rxc3 27. Bh3 Rc4 28. Nf3 h6 29. Rb1 O-O 30. Rb7 f6 31. Qg6 Qf7 32.
Qxf7+ Rxf7 33. Rxd7 Rxd7 34. Bxe6+ Rf7 35. exf6 Bxf6 36.
Bxf7+ Kxf7 37. Ne5+ Ke6 38. Nxc4 dxc4 39. Rc1 c3 40.
Kg1 Kd5 41. Kf1 Kc4 42. Ke2 Kb3 43. Kd3 h5 44. Rc2 Be5 45. h3 h4 46. Re2 Bc7 47.
Rc2 Bxa5 48. g4 hxg3 49. h4 Bb4 50. h5 Bf8 51. Rg2 Bh6 52. Rc2 a5 53. Rxc3+ Kb4 54. Rc4+ Kb3 55. Rg4 a4 56. Rxg3 a3 57. Rg2 a2 58.
Rxa2 Kxa2 59. Ke4 Kb3 60. Kf5 Kc4 61. Kg6 Bc1 62. h6 Bxh6 1/2-1/2

[Event "*** SCC Grand Prix: Titled Tuesday Blitz"]
[Site "Chess.com"]
[Date "2020.06.02"]
[Round "3"]
[White "DenLaz"]
[Black "eljanov"]
[Result "0-1"]
[WhiteElo "2629"]
[BlackElo "2834"]
[TimeControl "180+1"]
[EndTime "10:29:56 PDT"]
[Termination "eljanov won on time"]

1. d4 Nf6 2. c4 e6 3. Nf3 b6 4. a3 Bb7 5. Nc3 d5 6. Bg5 Be7 7. Bxf6 Bxf6 8. cxd5 exd5 9. Qa4+ Qd7 10. e3 Qxa4 11. Nxa4 Nd7 12. Rc1 Rc8 13. g4 h6 14. h4 c5 15. dxc5 d4 16. Rh3 dxe3 17. fxe3 Nxc5 18. Nxc5 Rxc5 19. Rxc5 bxc5 20. b3 Bd5 21.
Nd2 Be6 22. Be2 h5 23. Ne4 hxg4 24. Nxf6+ gxf6 25. Rh1 f5 26. Kf2 Ke7 27. b4 cxb4 28. axb4 Kf6 29. Kg3 Rc8 30. Ra1 Rc3 31. Kf4 Rc2 32.
Bd1 Rf2+ 33. Kg3 Rf1 34. Rb1 Ba2 35. Rb2 Bd5 36. Rd2 Be4 37. b5 Rg1+ 38. Kf4 Rh1 39.
Rd6+ Kg7 40. Bb3 Rf1+ 41. Kg5 Rb1 42. Bc4 Rc1 43. Bb3 Rc3 44. Ba2 g3 45. Rd7 Kf8 46. Rxf7+ Ke8 47. Kf6 g2 48. Rg7 Rc2 49. Be6 Kd8 50.
Rd7+ Kc8 51. Rg7+ Kb8 52. h5 Rc1 53. h6 Rh1 54. h7 Rxh7 55. Rxh7 g1=Q 56. Ke5 Qxe3 57.
Kd6 Qd4+ 0-1

[Event "*** SCC Grand Prix: Titled Tuesday Blitz"]
[Site "Chess.com"]
[Date "2020.06.02"]
[Round "3"]
[White "alexsergeyev"]
[Black "SCIM"]
[Result "1-0"]
[WhiteElo "2311"]
[BlackElo "2496"]
[TimeControl "180+1"]
[EndTime "10:29:57 PDT"]
[Termination "alexsergeyev won on time"]

1. d4 Nf6 2. c4 g6 3. Nc3 d5 4.
Bg5 Ne4 5. cxd5 Nxg5 6. h4 Ne4 7. Nxe4 Qxd5 8. Nc3 Qa5 9. h5 Bg7 10. e3 Nc6 11. Bb5 Bd7 12. Nf3 O-O-O 13. Qb3 Be6 14.
Qa4 Qxa4 15. Bxa4 Nb4 16. O-O-O Nxa2+ 17. Nxa2 Bxa2 18. b3 b5 19. Kb2 bxa4 20. Kxa2 axb3+ 21. Kxb3 Rd5 22. Kc4 Rxh5 23. Rxh5 gxh5 24. Rh1 Kb7 25.
Rxh5 c6 26. Ng5 a5 27. f4 Bf6 28. Nxh7 Ra8 29. Nxf6 exf6 30. Kb3 Kb6 31. Rf5 Re8 32.
Rxf6 Rxe3+ 33. Ka4 Re4 34. Rxf7 Rxd4+ 35. Ka3 Rd3+ 36.
Ka4 Rd4+ 37. Ka3 Kb5 38. g4 Rd3+ 39. Kb2 a4 40. g5 c5 41. g6 Rg3 42. g7 Kc4 43. f5 Rg2+ 44. Ka3 Rg3+ 45. Kxa4 Rg1 46. Ka3 Kc3 47. Ka2 Rg2+ 48. Ka3 Rg1 49. Ka4 c4 50. f6 Kd2 51. Rd7+ Kc2 52. Rc7 c3 53. Kb4 Rg4+ 54.
Kb5 Rg5+ 55. Kb4 Rg4+ 56. Rc4 1-0

[Event "*** SCC Grand Prix: Titled Tuesday Blitz"]
[Site "Chess.com"]
[Date "2020.06.02"]
[Round "3"]
[White "ShahMatKanal"]
[Black "GoValya"]
[Result "1-0"]
[WhiteElo "2470"]
[BlackElo "2178"]
[TimeControl "180+1"]
[EndTime "10:29:57 PDT"]
[Termination "ShahMatKanal won by checkmate"]

1. d4 g6 2. c4 Bg7 3. Nc3 c5 4. e3 cxd4 5. exd4 Nc6 6. Nf3 d6 7. h3 Qb6 8. Nd5 Qd8 9. Be2 Nf6 10. Nc3 O-O 11. O-O e5 12. Bg5 h6 13. dxe5 dxe5 14. Qxd8 Rxd8 15. Be3 Be6 16. Rfd1 Rac8 17. Rac1 g5 18.
b3 g4 19. hxg4 Nxg4 20. Bc5 Nd4 21. Nxd4 exd4 22. Ne4 b6 23. Ba3 Ne5 24. f4 d3 25.
Bf1 Ng4 26. Rxd3 Bd4+ 27. Rxd4 Rxd4 28. Ng3 Rcd8 29. Nh5 Rd1 30. Rxd1 Rxd1 31. Ng3 Ne3 32. Kf2 Nc2 33. Bb2 Rb1 34. Bc3 Rc1 35. Bd3 Na3 36. Bd2 Rd1 37. Ne2 Rxd2 38. Ke3 Rxa2 39. f5 Nc2+ 40. Kf3 Ne1+ 41. Ke3 Nxd3 42. fxe6 fxe6 43. Kxd3 Rb2 44. Nd4 Ra2 45. g4 Ra1 46. Nxe6 Rd1+ 47. Ke4 Kf7 48. Nd4 Ke7 49. Kd5 Re1 50.
b4 Rd1 51. b5 Rd2 52. Ke4 Rd3 53. Kxd3 Kd6 54. Ke4 Kc5 55. Kd3 Kb4 56. Nf5 Kc5 57.
Nxh6 Kb4 58. Nf5 Kc5 59. g5 a6 60. bxa6 b5 61. cxb5 Kxb5 62. g6 Kc5 63. g7 Kb6 64. g8=Q Kxa6 65. Qb3 Ka7 66. Nd6 Ka8 67. Qb7# 1-0

[Event "*** SCC Grand Prix: Titled Tuesday Blitz"]
[Site "Chess.com"]
[Date "2020.06.02"]
[Round "3"]
[White "CalinGheorghiu"]
[Black "Bayernbk"]
[Result "1-0"]
[WhiteElo "2310"]
[BlackElo "2497"]
[TimeControl "180+1"]
[EndTime "10:29:57 PDT"]
[Termination "CalinGheorghiu won on time"]

1. e4 e6 2. d4 d5 3. exd5 exd5 4. Nf3 Bd6 5. c4 c6 6. Nc3 Ne7 7. Bd3 dxc4 8. Bxc4 O-O 9. O-O Bg4 10. Bd3 Bf5 11. Bg5 f6 12. Bh4 Bxd3 13. Qxd3 Ng6 14. Bg3 Na6 15.
a3 Nc7 16. Ne4 Bxg3 17. hxg3 Nd5 18. Rfe1 Re8 19. Nc5 b6 20. Ne6 Qd6 21. Qf5 Re7 22. Re4 Rae8 23. Rae1 a5 24. g4 Nf8 25. Nxf8 Rxf8 26. g5 Rfe8 27. g6 hxg6 28. Qxg6 Rxe4 29. Rxe4 Rxe4 30. Qxe4 Qe7 31. Qf5 Qe8 32. Nh4 Kf7 33. Qg6+ Kf8 34. Qh7 Qf7 35. Nf5 Ne7 36. Qh8+ Qg8 37. Qxg8+ Nxg8 38. Nd6 b5 39. Nb7 Ke7 40.
Nxa5 Kd6 41. Kf1 Ne7 42. Ke2 Kd5 43. Kd3 Nf5 44. Nb3 Nh4 45. g3 Nf3 46. Ke3 Ne1 47. Ke2 Nc2 48. Kd3 Ne1+ 49. Kd2 Nf3+ 50. Ke3 Ne1 51.
Na1 Kc4 52. Ke2 1-0

[Event "*** SCC Grand Prix: Titled Tuesday Blitz"]
[Site "Chess.com"]
[Date "2020.06.02"]
[Round "3"]
[White "ChessAintFun"]
[Black "RestartingChess"]
[Result "0-1"]
[WhiteElo "2645"]
[BlackElo "2494"]
[TimeControl "180+1"]
[EndTime "10:29:58 PDT"]
[Termination "RestartingChess won by resignation"]

1. e4 Nf6 2. e5 Nd5 3. d4 d6 4. Nf3 g6 5. Be2 Bg7 6. O-O O-O 7. h3 dxe5 8. dxe5 Nc6 9. Re1 Bf5 10. Bd3 Ndb4 11.
Bxf5 Qxd1 12. Rxd1 gxf5 13. Na3 Nxe5 14. Nxe5 Bxe5 15.
c3 Nc6 16. Nc4 Bd6 17. Nxd6 cxd6 18. Rd5 e5 19. Rxd6 Rad8 20. Rxd8 Rxd8 21. Bg5 Rd6 22.
Kf1 f6 23. Be3 f4 24. Bc5 Rd5 25. Ba3 Na5 26. b3 Rd2 27. Ke1 Rc2 28. c4 Nc6 29. Bc5 b6 30. Bd6 Nd4 31. Kf1 Kf7 32. Bb8 Nc6 33. Bd6 Ke6 34. Bf8 Nd4 35. h4 e4 36. h5 e3 37. fxe3 fxe3 38. Re1 e2+ 39. Kf2 Rxa2 40. c5 bxc5 41. Bxc5 Nxb3 42. Be3 Ke5 43.
Rxe2 Rxe2+ 44. Kxe2 Nd4+ 45. Kd3 Nc6 46. g4 a5 47. Kc4 Ke4 48. Bb6 Ne5+ 49. Kc3 Nxg4 50. Bxa5 Kf5 51. Kd3 Kg5 52. Ke4 f5+ 53. Kf3 Kxh5 54.
Bd8 Kg6 55. Kf4 Nf6 56. Kg3 Kg5 57. Be7 h5 58. Bd8 h4+ 59. Kh3 f4 60. Bxf6+ Kxf6 61. Kxh4 Ke5 62. Kh3 Ke4 63. Kg2 Ke3 64. Kf1 Kf3 65. Kg1 Ke2 66. Kg2 f3+ 0-1

[Event "*** SCC Grand Prix: Titled Tuesday Blitz"]
[Site "Chess.com"]
[Date "2020.06.02"]
[Round "3"]
[White "gurelediz"]
[Black "MergenKakabaev"]
[Result "1-0"]
[WhiteElo "2604"]
[BlackElo "2395"]
[TimeControl "180+1"]
[EndTime "10:29:59 PDT"]
[Termination "gurelediz won on time"]

1. e4 e5 2. Nf3 Nc6 3. Bb5 a6 4.
Ba4 Nf6 5. O-O Be7 6. Re1 b5 7.
Bb3 d6 8. c3 O-O 9. h3 Na5 10.
Bc2 c5 11. d4 Qc7 12. Nbd2 cxd4 13. cxd4 Nc6 14. d5 Nb4 15. Bb1 a5 16. a3 Na6 17.
Nf1 Bd7 18. Ng3 Rfc8 19. Be3 a4 20. Bd3 Qb7 21. Rc1 Bd8 22. Qe2 Bb6 23. Rxc8+ Bxc8 24. Bxb5 Bxe3 25. Bc6 Qb6 26. Bxa8 Bf4 27. Nf1 Nc5 28.
Ne3 Ba6 29. Qc2 Nfxe4 30. Nc4 Bxc4 31. Qxc4 Nxf2 32. Kf1 Nfe4 33. Rxe4 Nxe4 34. Qxe4 Qxb2 35. Qc4 g6 36. Bc6 Bg3 37. Kg1 Qa1+ 38. Qf1 Qxa3 39. Kh1 Qa2 40. Ng5 Bf4 41. Ne4 a3 42. g3 Qc2 43. Nf6+ Kg7 44. gxf4 a2 45. Ne8+ 1-0

[Event "*** SCC Grand Prix: Titled Tuesday Blitz"]
[Site "Chess.com"]
[Date "2020.06.02"]
[Round "3"]
[White "Thipsay"]
[Black "Baron_von_Koenig"]
[Result "1-0"]
[WhiteElo "2466"]
[BlackElo "2448"]
[TimeControl "180+1"]
[EndTime "10:30:00 PDT"]
[Termination "Thipsay won by resignation"]

1. e4 d5 2. exd5 Qxd5 3. Nc3 Qd6 4. d4 Nf6 5. Nf3 a6 6. Bc4 b5 7. Bb3 Bb7 8. O-O c5 9. dxc5 Qxd1 10. Rxd1 e6 11. Be3 Nbd7 12. c6 Bxc6 13. Nd4 Bb7 14. a4 b4 15. Nce2 Be7 16. f3 O-O 17. a5 Rac8 18.
Rd2 Nc5 19. Rad1 Rfd8 20. Nc1 Nxb3 21. Ncxb3 Nd5 22. Bf2 Bg5 23. Re2 e5 24. Rxe5 Bf6 25. Ree1 Nf4 26. Bg3 Nd5 27. Re2 h5 28. h4 g5 29.
hxg5 Bxg5 30. Bf2 h4 31. Nf5 Nf4 32. Rxd8+ Rxd8 33. Re1 h3 34. Bh4 Bxh4 35. Nxh4 hxg2 36. Nxg2 Nh3+ 37. Kh2 Ng5 38. Nh4 Nxf3+ 39. Nxf3 Bxf3 40. Kg3 Bc6 41. Re5 Ba4 42. Nc5 Bb5 43. Re4 Rc8 44.
Nb7 Rxc2 45. Rxb4 Kg7 46. Nd6 Bf1 47. Rb6 Rg2+ 48. Kf3 Rc2 49. Nf5+ Kh7 50. Ne3 Rc1 51.
Nxf1 Rxf1+ 52. Ke2 Rb1 53. Kd2 f5 54. Kc2 Ra1 55.
Rxa6 Kg7 56. b4 f4 57. Kd2 Ra4 58. Rb6 Ra3 59. Ke2 f3+ 60. Kf2 Kf7 61. a6 Ke7 62. b5 Kd7 63. Rb7+ Kc8 64. Kg3 Kd8 65. a7 Kc8 66. Rb8+ 1-0

[Event "*** SCC Grand Prix: Titled Tuesday Blitz"]
[Site "Chess.com"]
[Date "2020.06.02"]
[Round "3"]
[White "bugbug01052018"]
[Black "UCantHandleDenker"]
[Result "0-1"]
[WhiteElo "2204"]
[BlackElo "2472"]
[TimeControl "180+1"]
[EndTime "10:30:01 PDT"]
[Termination "UCantHandleDenker won by resignation"]

1. d4 Nf6 2. c4 d6 3. Nf3 Nbd7 4. g3 e5 5. Bg2 Be7 6. O-O O-O 7. Nc3 c6 8. e4 a6 9. h3 Re8 10. Re1 Bf8 11.
b3 b5 12. Bb2 Qb6 13. Rb1 Bb7 14.
Ba1 exd4 15. Nxd4 g6 16. cxb5 axb5 17. Qd2 Bg7 18. Nc2 Rad8 19. Rbd1 Nc5 20. b4 Ne6 21. Kh2 h5 22. Ne2 Qxf2 23. Rf1 Nxe4 24. Rxf2 Nxd2 25. Bxg7 Kxg7 26. Rxd2 Ng5 27. Rf4 d5 28. h4 Ne6 29.
Rf2 Ra8 30. Ncd4 Nxd4 31. Nxd4 Re3 32. Nb3 Bc8 33. Na5 Bd7 34. Nb7 Raa3 35. Nd6 f6 36.
Nxb5 cxb5 37. Bxd5 Rxg3 38. Bg2 Bf5 39. Rd8 Rg4 40. Re2 Rxh4+ 41. Kg1 Rxb4 42. Re7+ Kh6 43. Rh8+ Kg5 44. Re2 Rb1+ 45. Kf2 Rb4 46. Rd8 Rf4+ 47.
Kg1 Rg3 48. Kh2 h4 49. Rd6 Rc3 50. Red2 h3 51. Bh1 Be4 52. Bxe4 Rxe4 53. R6d5+ f5 54.
R5d3 Rxd3 55. Rxd3 Re2+ 56. Kxh3 Rxa2 57. Rb3 Ra5 58.
Rb4 Kf6 59. Kg3 Ra3+ 60. Kf4 Ra5 61. Kf3 Ra4 62. Kf2 Ra3 0-1

[Event "*** SCC Grand Prix: Titled Tuesday Blitz"]
[Site "Chess.com"]
[Date "2020.06.02"]
[Round "3"]
[White "H3nriqueTV"]
[Black "DivyaDeshmukh23"]
[Result "0-1"]
[WhiteElo "2182"]
[BlackElo "2470"]
[TimeControl "180+1"]
[EndTime "10:30:01 PDT"]
[Termination "DivyaDeshmukh23 won by resignation"]

1. e4 c5 2. Nf3 d6 3. g3 Nc6 4. Bg2 Nf6 5. Nc3 g6 6. O-O Bg7 7. d4 cxd4 8. Nxd4 O-O 9. h3 Nxe4 10. Nxc6 Nxc3 11. Nxd8 Nxd1 12. Nxb7 Nxb2 13. Bxb2 Bxb2 14. Rab1 Be5 15. Nxd6 Bxd6 16. Bxa8 Bxh3 17. Bg2 Be6 18. Rb7 Bxa2 19. Rxa7 Be6 20. Ra8 Bc8 21. c4 Kg7 22. c5 Be5 23. c6 f5 24. Rd1 f4 25.
gxf4 Bxf4 26. c7 Bd6 27. Rb8 Bxc7 28. Ra8 Bb6 29. Rd2 Bf5 30. Rxf8 Kxf8 31. Kh2 Bc7+ 32. Kg1 Kf7 33. Rd5 Kf6 34. Rc5 Bd6 35. Rc6 h5 36. Kf1 g5 37. Ke2 Bd7 38. Rb6 h4 39. Rb3 Be6 40.
Re3 Bf4 41. Rf3 Bg4 42. Kd3 Bxf3 43. Bxf3 Ke5 44. Bg4 Kd5 45. f3 e5 46. Bf5 Kc5 47. Bg4 Kb4 48. Bf5 Kb3 49. Bg4 Kb2 50. Ke2 Kc2 51. Bf5+ Kc1 52. Bg4 Kc2 53. Bf5+ Kc3 54. Bg4 Kd4 55. Bf5 Bg3 56. Bg4 e4 57. Bf5 e3 58.
Bg4 Bf2 59. Bf5 Ke5 60. Bg4 Kf4 61. Kf1 Kg3 62. Bh5 h3 0-1

[Event "*** SCC Grand Prix: Titled Tuesday Blitz"]
[Site "Chess.com"]
[Date "2020.06.02"]
[Round "3"]
[White "GothamChess"]
[Black "abykhovsky"]
[Result "1/2-1/2"]
[WhiteElo "2612"]
[BlackElo "2788"]
[TimeControl "180+1"]
[EndTime "10:30:02 PDT"]
[Termination "Game drawn - insufficient material"]

1. e4 c5 2. a3 e6 3. b4 b6 4. Bb2 Nc6 5. b5 Na5 6. d4 cxd4 7. Qxd4 Bb7 8. Nf3 Nf6 9. Bd3 Bc5 10. Qa4 O-O 11.
O-O d6 12. Nbd2 e5 13. Kh1 Re8 14. Rae1 a6 15. bxa6 Bc6 16. Bb5 Qd7 17. c4 Rxa6 18.
Nb3 Rea8 19. Nxc5 bxc5 20. Bxe5 dxe5 21. Nxe5 Qc8 22. Nxc6 Nxc6 23. Bxa6 Rxa6 24. Qb5 Nd4 25. Qb2 h6 26. e5 Nd7 27. f4 Rb6 28. Qf2 Qb8 29.
Qg3 Nf5 30. Qd3 Nd4 31. Qe4 Qb7 32. Qd5 g6 33. h3 h5 34. Kh2 Rb2 35. Qxb7 Rxb7 36.
Rb1 Ra7 37. Rb2 Rxa3 38. Rb7 Nf8 39. g4 hxg4 40. hxg4 Nfe6 41. f5 Ng5 42. e6 fxe6 43. fxg6 Ndf3+ 44. Kg2 Nh4+ 45. Kh2 Rh3+ 46. Kg1 Ngf3+ 47.
Kf2 Nxg6 48. Ra1 Nfe5 49. Ra8+ Nf8 50. Kg2 Rc3 51. Rbb8 Ng6 52. Ra4 e5 53. g5 Rd3 54.
Ra5 Rd4 55. Rxc5 Rg4+ 56. Kf3 Rxg5 57. Ke4 Rg4+ 58. Kd5 Rd4+ 59. Kc6 Kf7 60. Rd5 Rxc4+ 61. Kb5 Rd4 62. Rxd4 exd4 63. Kc4 Ne6 64. Rb6 Ne5+ 65. Kd5 Ng6 66. Rxe6 Nf4+ 67. Kxd4 Nxe6+ 1/2-1/2

[Event "*** SCC Grand Prix: Titled Tuesday Blitz"]
[Site "Chess.com"]
[Date "2020.06.02"]
[Round "3"]
[White "kingofthenil"]
[Black "nitpicker"]
[Result "0-1"]
[WhiteElo "2458"]
[BlackElo "2224"]
[TimeControl "180+1"]
[EndTime "10:30:02 PDT"]
[Termination "nitpicker won by checkmate"]

1. e4 c5 2. d3 Nc6 3. g3 e6 4.
Bg2 a6 5. f4 d6 6. Nf3 Qc7 7.
O-O Nf6 8. Nc3 Rb8 9. h3 h5 10. Be3 Be7 11. d4 cxd4 12. Nxd4 Na5 13. e5 Nc4 14. exf6 Nxe3 15. Qd3 Nxf1 16. fxe7 Nxg3 17. Qxg3 g6 18. Re1 d5 19. Bxd5 h4 20. Qg5 Rh5 21. Qf6 Qxe7 22. Qxe7+ Kxe7 23. Bf3 Rc5 24. Nb3 Rc4 25.
Nd5+ Kf8 26. Nb6 Rxf4 27. Kg2 Rb4 28. Nxc8 Rxc8 29. c3 Rb6 30. Rd1 Rc7 31. Rd2 Rb5 32. Nd4 Rg5+ 33. Kf2 e5 34. Ne2 f5 35. Ke3 e4 36. Bh1 Re7 37. Kf2 f4 38. Ke1 f3 39.
Nd4 Rg1+ 40. Kf2 Rxh1 41. Ke3 Rxh3 42. Nc2 f2+ 43. Kxf2 e3+ 44. Nxe3 Rhxe3 45. Rd7 Re2+ 46. Kf3 Rxd7 47. Kxe2 Re7+ 48. Kf3 Rf7+ 49. Kg4 Rg7 50. Kxh4 Kf7 51. Kg4 g5 52. c4 Kf6 53. b3 Kg6 54. c5 Rc7 55. b4 a5 56. a3 axb4 57. axb4 b6 58. cxb6 Rc4+ 59. Kf3 Rxb4 60. b7 Rxb7 61. Ke4 Rb4+ 62. Kf3 Kf5 63. Kg2 Rb3 64. Kf2 g4 65. Kg2 Kf4 66. Kf2 g3+ 67. Kg1 Rb2 68. Kf1 Kf3 69.
Ke1 g2 70. Kd1 g1=R# 0-1

[Event "*** SCC Grand Prix: Titled Tuesday Blitz"]
[Site "Chess.com"]
[Date "2020.06.02"]
[Round "3"]
[White "Konovalova_Vera"]
[Black "kuba2006"]
[Result "0-1"]
[WhiteElo "2162"]
[BlackElo "2409"]
[TimeControl "180+1"]
[EndTime "10:30:03 PDT"]
[Termination "kuba2006 won by resignation"]

1. d4 Nf6 2. Bg5 d5 3. Bxf6 exf6 4. e3 Bd6 5. Nf3 O-O 6. Bd3 g6 7.
Nbd2 c6 8. O-O Bg4 9. h3 Bxf3 10. Nxf3 Nd7 11. c4 f5 12. Qb3 dxc4 13. Bxc4 b5 14. Be2 a6 15. Rac1 Rc8 16. Rfd1 Nf6 17. Ne5 Qe8 18.
Bf3 Bxe5 19. dxe5 Qxe5 20. Bxc6 Kg7 21. Bb7 Rxc1 22. Rxc1 a5 23. Bf3 b4 24. Qc4 Qxb2 25.
Rc2 Qe5 26. Qc7 Qa1+ 27. Kh2 a4 28. Qc4 Qb1 29. Rc1 Qb2 30. Rc2 Qe5+ 31. g3 Rb8 32.
Rc1 b3 33. axb3 axb3 34. Rb1 b2 35. Qc2 Ne4 36. Bxe4 fxe4 37. Kg2 Kg8 38. h4 Rb4 39. Kh2 Qb5 40. Qc8+ Kg7 41. Qc3+ Kf8 42. Qc8+ Ke7 43. Qc7+ Qd7 44. Qc5+ Qd6 45. Qa7+ Kf8 46. Qa3 Qd2 47.
Kg2 Kg7 48. Qa2 Rb7 49. Qa4 Qd3 50. Qa2 Qc2 51. Kg1 Qb3 52. Qxb3 Rxb3 53. Kf1 Kf6 54.
Ke2 Kf5 55. Kd2 Kg4 56. Ke2 Rb6 57. Kf1 Kf3 58. Kg1 Ke2 59. Kg2 Kd2 60. f3 Kc2 0-1

[Event "*** SCC Grand Prix: Titled Tuesday Blitz"]
[Site "Chess.com"]
[Date "2020.06.02"]
[Round "3"]
[White "canary2016"]
[Black "Richarzard69"]
[Result "0-1"]
[WhiteElo "1967"]
[BlackElo "2272"]
[TimeControl "180+1"]
[EndTime "10:30:06 PDT"]
[Termination "Richarzard69 won on time"]

1. Nf3 d5 2. c4 c6 3. d4 Nf6 4.
g3 Bf5 5. Bg2 e6 6. Nc3 Nbd7 7.
Nh4 Bg6 8. O-O Be7 9. Qb3 Qb6 10.
c5 Qc7 11. Bf4 Qc8 12. Rfe1 O-O 13. Nxg6 hxg6 14. e4 Nh5 15. exd5 Nxf4 16. gxf4 cxd5 17. Nxd5 Bxc5 18. dxc5 exd5 19. Qxd5 Rb8 20. Rad1 Nf6 21. Qd4 Qg4 22. h3 Qh4 23. Qe3 Nh5 24. Rd4 Qf6 25.
Red1 Rfe8 26. Qd2 Kh7 27. b4 Re7 28. Rd7 Rbe8 29. Rxe7 Rxe7 30. Qd6 Nxf4 31. Qxf6 gxf6 32.
Rd6 Ne2+ 33. Kf1 Nc3 34. Rxf6 Nxa2 35. Bd5 Nxb4 36. Rxf7+ Rxf7 37. Bxf7 Nd3 38. c6 bxc6 39. Bc4 Ne5 40. Ba6 Kg7 41. Ke2 Kf6 42. Ke3 c5 43.
f4 Nd7 44. Kd3 Nb6 45. Bb5 Kf5 46. Ke3 a5 47. Bd3+ Kf6 48. Kd2 Nd5 49. Kc2 Nxf4 50. Bf1 Kg5 51. Kc3 Kh4 52. Kc4 Nxh3 53. Kxc5 Nf4 54.
Kb5 g5 55. Kxa5 g4 56. Ba6 g3 57. Bb7 Kg4 58. Kb4 Ne2 59. Kb3 Nd4+ 60. Kc3 Nf3 61.
Bc8+ Kf4 62. Bh3 Ke3 63. Kc2 Ng1 64. Bg2 Kf2 65. Bd5 Nf3 0-1

[Event "*** SCC Grand Prix: Titled Tuesday Blitz"]
[Site "Chess.com"]
[Date "2020.06.02"]
[Round "3"]
[White "Alexander_Zubov"]
[Black "BakaPG"]
[Result "1-0"]
[WhiteElo "2961"]
[BlackElo "2683"]
[TimeControl "180+1"]
[EndTime "10:30:07 PDT"]
[Termination "Alexander_Zubov won on time"]

1. d4 d5 2. c4 c6 3. Nf3 Nf6 4.
Qb3 dxc4 5. Qxc4 b5 6. Qb3 e6 7.
Bg5 Nbd7 8. Nbd2 Be7 9. e3 O-O 10. Be2 Bb7 11. O-O a6 12. a4 b4 13. Bxf6 gxf6 14.
e4 a5 15. Rfd1 Kh8 16. Nc4 Rg8 17. Rac1 Rg7 18. Qe3 Qc7 19. Bf1 Rag8 20. Nfd2 c5 21. Nb3 f5 22. d5 Bg5 23. Qe1 Bxc1 24. Nxc1 fxe4 25. dxe6 fxe6 26. Nb3 Bd5 27. Qe3 Ne5 28. Nxe5 Bxb3 29. Qxb3 Qxe5 30. g3 h5 31. Bg2 h4 32. Re1 hxg3 33. hxg3 Rg4 34. Qe3 R8g6 35. b3 Qd4 36. Qxd4+ cxd4 37. Bxe4 Rf6 38. Kg2 Rg5 39. Bd3 Rc5 40. Bc4 e5 41. f3 Kg7 42. g4 Rh6 43.
Kg3 Kf6 44. f4 exf4+ 45. Kxf4 Rh2 46. Re6+ Kg7 47. Rd6 Rd2 48. Ke4 Rg5 49. Kf4 Rg6 50. Rd5 Rf6+ 51. Kg5 Rff2 52. Rxa5 Rf3 53. Rd5 d3 54. a5 Rd1 55. a6 d2 56. Be2 Rff1 57.
Bxf1 Rxf1 58. Rxd2 Ra1 59. Rd7+ Kf8 60. a7 Ra5+ 61.
Kf4 1-0